 Dungeon Crawl Stone Soup version 0.30-a0-553-g7fabdf1491 (webtiles) character file.

Game seed: 2399641061491013837

1362 Zonian the Trooper (level 8, -3/44 HPs)
             Began as a Vine Stalker Fighter on Dec 27, 2022.
             Slain by an ogre
             ... wielding a +0 giant spiked club
              (20 damage)
             ... on level 5 of the Dungeon.
             The game lasted 00:08:58 (4327 turns).

Zonian the Trooper (Vine Stalker Fighter)           Turns: 4327, Time: 00:08:58

Health: -3/44      AC:  9    Str: 18    XL:     8   Next: 64%
Magic:  0/9        EV:  9    Int:  8    God:
Gold:   211        SH:  5    Dex: 17    Spells: 7/7 levels left

rFire   . . .      SeeInvis .    h - +2 short sword (elec)
rCold   . . .      Faith    .    c - +0 buckler
rNeg    + . .      Spirit   +    b - +0 scale mail
rPois   .          Reflect  .    o - +0 helmet
rElec   .          Harm     .    i - +0 cloak
rCorr   .          Rampage  .    (no gloves)
Will    +....                    (no boots) Stlth
                                 (no amulet)
HPRegen 1.07/turn                j - ring of wizardry
MPRegen 0.11/turn                r - ring of positive energy

@: no status effects
A: fangs 3, regeneration 1, magic shield, antimagic bite, no potion heal 2
a: no special abilities


You were on level 5 of the Dungeon.
You visited 1 branch of the dungeon, and saw 5 of its levels.
You also visited: Sewer.

You collected 211 gold pieces.

Inventory:

Hand Weapons
 a - a +0 rapier
 h - a +2 short sword of electrocution (weapon)
Missiles
 q - a poisoned dart (quivered)
Armour
 b - a +0 scale mail (worn)
 c - a +0 buckler (worn)
 i - a +0 cloak (worn)
 o - a +0 helmet (worn)
 t - a +0 leather armour
Jewellery
 j - a ring of wizardry (left hand)
 r - a ring of positive energy (right hand)
Wands
 p - a wand of roots (15)
 s - a wand of flame (13)
Scrolls
 g - a scroll of vulnerability
 k - a scroll of teleportation
 n - a scroll of magic mapping
Potions
 d - 2 potions of magic
 e - a potion of cancellation
 f - 2 potions of mutation
 l - 5 potions of curing
 m - a potion of degeneration {unknown}


   Skills:
 + Level 5.6 Fighting
 + Level 5.2 Short Blades
 + Level 5.0 Armour
 - Level 4.8 Shields


You had 7 spell levels left.
You didn't know any spells.
Your spell library contained the following spells:

 Spells                   Type           Power      Damage    Failure   Level
 Ensorcelled Hibernation  Hex/Ice        0%         N/A       65%         2
 Passwall                 Tmut/Erth      0%         N/A       65%         2
 Swiftness                Air            0%         N/A       86%         3
 Borgnjor's Revivificati  Necr           0%         N/A       100%        8
 Necromutation            Tmut/Necr      0%         N/A       100%        8
 Death's Door             Necr           0%         N/A       100%        9


Dungeon Overview and Level Annotations

Branches:
Dungeon (5/15)              Sewer (visited)
 Temple: D:4-7

Altars:

Annotations:
D:1 1 transporter
D:5 Sigmund


Innate Abilities, Weirdness & Mutations

You have razor-sharp teeth.
Your natural rate of healing is unusually fast.
When hurt, damage is shared between your health and your magic reserves.
Your bite disrupts and absorbs the magic of your enemies.
Potions cannot restore your health.


Message History

Aim: Blork the orc, wielding a +0 trident and wearing a +1 robe of cold resistance (heavily wounded, fast, poisoned)
The roots erupt in riotous growth!
Roots grab Blork the orc.
The grasping roots constrict Blork the orc.
Blork the orc struggles to escape constriction.
Blork the orc screams, "I don't like you!"
Blork the orc struggles to escape constriction.
Unknown command.
Throw: 2 darts (poison)
Press: ? - help, Shift-Dir - straight line, f/p - Blork the orc
Aim: Blork the orc, wielding a +0 trident and wearing a +1 robe of cold resistance (severely wounded, fast, poisoned, constricted by roots, 93% to hit)
You throw a poisoned dart. The poisoned dart hits Blork the orc.
Blork the orc looks even sicker.
Blork the orc is severely wounded.
The grasping roots constrict Blork the orc!
The roots release their grip on Blork the orc.
Unknown command.
Aiming: Fastroot
Press: ? - help, Shift-Dir - straight line, f/p - Blork the orc
Aim: Blork the orc, wielding a +0 trident and wearing a +1 robe of cold resistance (almost dead, fast, very poisoned)
The roots erupt in riotous growth!
Roots grab Blork the orc.
The grasping roots constrict Blork the orc.
You kill Blork the orc!
Your Armour skill increases to level 5!
Unknown command.
Unknown command.
The ogre hits you with a +0 giant spiked club!
You hit the ogre. Your bite misses the ogre.
The ogre is lightly wounded.
The ogre hits you with a +0 giant spiked club!!
You are too injured to fight recklessly!
You are too injured to fight recklessly!
Unknown command.
You hit the ogre.
The ogre is moderately wounded.
You hit the ogre. Your bite misses the ogre.
The ogre is heavily wounded.
The ogre hits you with a +0 giant spiked club!!
You die...

##. #. ....##.... #..###.
........######.....
...............#...
##.......#.....##...
##........##.........
#........# #.........
#....O...###........#
#..@...............# #
#######......#...........
###.#.#..#...)...#...........
#..............(((.....##....
###............#...##..##....
#.###.####.###..)#....#....
## #####..#.#...#..###....
#.............#.....
##..........)##.....


You could see an ogre.

Vanquished Creatures
  Grinder (Sewer)
  Eustachio (D:5)
  A phantom (D:4)
  Blork the orc (D:5)
  A kobold brigand (Sewer)
  3 scorpions
  A necrophage (Sewer)
  2 hounds (D:4)
  A gnoll bouda (D:5)
  3 jellies
  2 orc priests
  2 iguanas
  2 orc wizards (D:3)
  3 gnolls (D:5)
  5 adders
  A shadow imp (Sewer)
  4 ufetubi
  2 worms
  2 dart slugs
  17 orcs
  5 endoplasms
  A giant cockroach (Sewer)
  5 goblins
  3 hobgoblins
  11 jackals
  4 quokkas
  8 ball pythons
  2 bats
  4 frilled lizards
  21 kobolds
  4 kobold zombies (Sewer)
  A rat (D:1)
124 creatures vanquished.

Notes
Turn   | Place    | Note
-------+----------+-------------------------------------------
     0 | D:1      | Zonian the Vine Stalker Fighter began the quest for the
                  | Orb.
     0 | D:1      | Reached XP level 1. HP: 11/11 MP: 2/2
   218 | D:1      | Reached XP level 2. HP: 16/16 MP: 3/3
   391 | D:1      | Reached XP level 3. HP: 20/20 MP: 4/4
  1178 | D:3      | Found a glowing drain.
  1187 | Sewer    | Entered a sewer
  1296 | Sewer    | Gained mutation: Your natural rate of healing is unusually
                  | fast. [Vine Stalker growth]
  1296 | Sewer    | Reached XP level 4. HP: 8/24 MP: 2/5
  1673 | Sewer    | Found an ancient bone altar of Kikubaaqudgha.
  1673 | Sewer    | Noticed a kobold brigand
  1686 | Sewer    | Killed a kobold brigand
  1687 | Sewer    | Reached XP level 5. HP: 25/28 MP: 6/6
  1904 | Sewer    | Noticed Grinder
  1914 | Sewer    | Killed Grinder
  1915 | Sewer    | Reached XP level 6. HP: 27/33 MP: 4/7
  1970 | D:3      | Reached XP level 7. HP: 37/37 MP: 8/8
  3287 | D:4      | Gained mutation: You have razor-sharp teeth. [Vine Stalker
                  | growth]
  3287 | D:4      | Reached XP level 8. HP: 42/42 MP: 9/9
  3761 | D:5      | Entered Level 5 of the Dungeon
  3763 | D:5      | Noticed Eustachio
  3894 | D:5      | Reached skill level 5 in Fighting
  4154 | D:5      | Killed Eustachio
  4155 | D:5      | Reached skill level 5 in Short Blades
  4165 | D:5      | Noticed Blork the orc
  4166 | D:5      | Noticed Sigmund
  4323 | D:5      | Killed Blork the orc
  4324 | D:5      | Reached skill level 5 in Armour
  4327 | D:5      | Slain by an ogre

Illustrated notes

Levels and vault maps discovered:
D:1:      spicycebolla_arrival_transporter_tutorial, layout_basic,
          hangedman_decor_slide_cut
D:2:      layout_loops_ring
D:3:      layout_basic, portal_sewer_entry_d
D:4:      minmay_clustersquares, layout_loops_cross, kennysheep_cross_room
D:5:      layout_cave_pools, zin_angel, uniq_eustachio, uniq_sigmund,
          uniq_blork_the_orc

Skill      XL: |  1  2  3  4  5  6  7  8 |
---------------+-------------------------+-----
Short Blades   | 2 3 4 5 |  5.2
Fighting       | 3 4 5 |  5.6
Shields        | 3 4 |  4.8
Armour         | 3 4 5 |  5.0

Action                   |  1- 3 |  4- 6 |  7- 9 || total
-------------------------+-------+-------+-------++-------
Melee: Rapier            |    18 |       |       ||    18
       Bite              |    22 |    20 |    56 ||    98
       Short sword       |    75 |    75 |   189 ||   339
Throw: Dart              |       |       |     4 ||     4
Evoke: Wand              |       |       |     5 ||     5
  Use: Potion            |       |     1 |       ||     1
       Scroll            |       |     7 |     5 ||    12
Armor: Scale mail        |    40 |    20 |    61 ||   121
Dodge: Dodged            |    47 |    25 |    44 ||   116
Block: Buckler           |    31 |     9 |    41 ||    81

Table legend: (Time is in decaauts)
 A = Elapsed time spent in this place.
 B = Non-inter-level travel time spent in this place.
 C = Inter-level travel time spent in this place.
 D = Time resting spent in this place.
 E = Time spent auto-exploring this place.
 F = Levels seen in this place.
 G = Mean time per level.
                   A        B        C        D        E       F      G
               +--------+--------+--------+--------+--------+-----+--------+
         Total |   4287 |   4141 |    146 |   1103 |   2146 |   6 |  714.5 |
       Dungeon |   3546 |   3400 |    146 |    609 |   2068 |   5 |  709.2 |
         Sewer |    740 |    740 |      0 |    494 |     78 |   1 |  740.0 |
               +--------+--------+--------+--------+--------+-----+--------+

Top non-repeatable levels by time:
     D:4: 1050 daAuts
     D:3: 862 daAuts
   Sewer: 740 daAuts
     D:1: 639 daAuts
     D:2: 522 daAuts
     D:5: 472 daAuts
